 Dungeon Sprint DCSS version 0.29.1-12-g30fa7ad0bf (webtiles) character file.

Game seed: 1202566373803275742

1808 Groucho the Nimble (level 8, -6/36 HPs)
             Began as a Spriggan Earth Elementalist on Jan 2, 2023.
             Was a Priest of Vehumet.
             Mangled by a two-headed ogre
             ... wielding a +0 giant spiked club
              (41 damage)
             ... in the Dungeon (Sprint III: "The Ten Rune Challenge").
             The game lasted 00:08:38 (2248 turns).

Groucho the Nimble (Spriggan Earth Elementalist)    Turns: 2248, Time: 00:08:39

Health: -6/36      AC:  2    Str:  4    XL:     8   Next: 84%
Magic:  17/23      EV: 24    Int: 18    God:    Vehumet [***...]
Gold:   43         SH:  0    Dex: 16    Spells: 15/28 levels left

rFire   . . .      SeeInvis +   i - +6 club
rCold   . . .      Faith    .   (no shield)
rNeg    . . .      Spirit   .   a - +0 robe
rPois   .          Reflect  .   (helmet restricted)
rElec   .          Harm     .   (no cloak)
rCorr   .          Rampage  .   (gloves unavailable)
Will    +....      NoTele   +   (boots unavailable)
Stlth   ++........              (no amulet)
HPRegen 0.12/turn               (no ring)
MPRegen 0.18/turn               (no ring)

@: very quick
A: very small, no large weapons, unfitting armour, see invisible, speed 3
a: Renounce Religion


You were in the Dungeon.
You worshipped Vehumet.
Vehumet was most pleased with you.
You visited 1 branch You collected 43 gold pieces.

Inventory:

Hand Weapons
 i - a +6 club (weapon)
 q - a +1 dagger of venom
Armour
 a - a +0 robe (worn)
Scrolls
 g - a scroll of blinking
 k - a scroll of poison {unknown}
 l - a scroll of enchant weapon {unknown}
 o - a scroll of immolation {unknown}
 p - 2 scrolls of identify
Potions
 b - 3 potions of magic
 c - 2 potions of curing
 d - a potion of heal wounds
 e - a potion of haste
 f - a potion of berserk rage
 h - 4 potions of flight
 j - a potion of degeneration {unknown}
 m - 2 potions of brilliance {unknown}
 n - 4 potions of mutation


   Skills:
 + Level 11.6 Dodging
 - Level 3.0 Stealth
 + Level 10.8 Spellcasting
 * Level 3.8 Conjurations
 - Level 11.0 Transmutations
 * Level 11.6 Earth Magic


You had 15 spell levels left.
You knew the following spells:

 Your Spells              Type           Power      Damage    Failure   Level
a - Sandblast             Erth           100%       2d20      1%          1
b - Passwall              Tmut/Erth      41%        N/A       1%          2
c - Stone Arrow           Conj/Erth      74%        3d11      1%          3
d - Petrify               Tmut/Erth      50%        N/A       1%          4
e - Mephitic Cloud        Conj/Pois/Air  14%        N/A       3%          3

Your spell library contained the following spells:

 Spells                   Type           Power      Damage    Failure   Level
 Beastly Appendage        Tmut           98%        N/A       1%          1
 Wereblood                Tmut           49%        N/A       1%          2
 Spider Form              Tmut/Pois      29%        N/A       2%          3


Dungeon Overview and Level Annotations

Branches:
Dungeon (1/1)

Altars:
Cheibriados
Dithmenos
Elyvilon
Fedhas
Gozag
Hepliaklqana
Kikubaaqudgha
Makhleb
Nemelex Xobeh
Okawaru
Qazlal
Ru
Sif Muna
Trog
Uskayaw
Vehumet
Wu Jian
Xom
Yredelemnul
Zin
The Shining One
Jiyva
Lugonu

Annotations:
D Erolcha


Innate Abilities, Weirdness & Mutations

You are very small and have problems with some larger weapons.
You are too small for most types of armour.
You have supernaturally acute eyesight. (SInv)
You cover ground extremely quickly. (Speed+++)


Message History

Unknown command.
Unknown command.
Casting: Sandblast (safe; 1% risk of failure)
Confirm with . or Enter, or press ? or * to list all spells.
Aiming: Sandblast (safe; 1% risk of failure)
Press: ? - help, Shift-Dir - straight line, f/p - two-headed ogre
Aim: a two-headed ogre, wielding a +0 giant spiked club and a +0 dire flail (93% to hit)
The blast of sand hits Erolcha!!
Erolcha is severely wounded.
Unknown command.
Casting: Sandblast (safe; 1% risk of failure)
Confirm with . or Enter, or press ? or * to list all spells.
Aiming: Sandblast (safe; 1% risk of failure)
Press: ? - help, Shift-Dir - straight line, f/p - two-headed ogre
Aim: a two-headed ogre, wielding a +0 giant spiked club and a +0 dire flail (93% to hit)
The blast of sand hits the two-headed ogre!!!
The two-headed ogre is heavily wounded.
Erolcha zaps a wand.
The puff of flame misses you. The two-headed ogre misses you.
The two-headed ogre hits you with a +0 dire flail.
Erolcha casts a spell at you.
Unknown command.
Casting: Sandblast (safe; 1% risk of failure)
Confirm with . or Enter, or press ? or * to list all spells.
Aiming: Passwall (safe; 1% risk of failure)
Press: ? - help, Dir - move target, f - you, p - two-headed ogre Please select a wall.
Okay, then.
Casting: Passwall (safe; 1% risk of failure)
Confirm with . or Enter, or press ? or * to list all spells.
Aiming: Stone Arrow (safe; 1% risk of failure)
Press: ? - help, Shift-Dir - straight line, f - Erolcha, p - two-headed ogre
Aim: Erolcha, wielding a +2 spectral giant club, wearing a +0 robe and carrying a wand of flame (18) (severely wounded, 84% to hit)
The stone arrow hits Erolcha!
Erolcha is almost dead.
Erolcha gestures wildly while chanting.
Erolcha flickers and vanishes for a moment.
The two-headed ogre hits you with a +0 giant spiked club!!!
Ouch! That really hurt!
You die...

### __# ._# [##
..# ..# #'#
..#+##############
..#....#.#.#...O@#
.)##.#..#.##.###O#
..'##.#.#.##.# .##
..#...#..#..##..
▓▓▓▓▓▓▓▓▓▓▓▓▓▓▓▓


You could see a two-headed ogre and Erolcha (invisible).

Vanquished Creatures
  A deep elf pyromancer (D)
  A shadow (D)
  A spatial vortex (D)
  4 two-headed ogres (D)
  A necrophage (D)
  A water elemental (D)
  A scorpion (D)
  A jelly (D)
  Jessica (D)
  A necromancer (D)
  A wizard (D)
  A kobold demonologist (D)
  3 humans (D)
  3 rats (D)
21 creatures vanquished.

Notes
Turn   | Place    | Note
-------+----------+-------------------------------------------
     0 | D        | Groucho the Spriggan Earth Elementalist began the quest for
                  | the Orb.
     0 | D        | Reached XP level 1. HP: 9/9 MP: 5/5
    42 | D        | Noticed Jessica
    47 | D        | Killed Jessica
    48 | D        | Reached XP level 2. HP: 13/13 MP: 0/8
   321 | D        | Reached XP level 3. HP: 16/16 MP: 6/10
   327 | D        | Learned a level 2 spell: Passwall
   331 | D        | Learned a level 3 spell: Stone Arrow
   378 | D        | Noticed a scorpion
   384 | D        | Killed a scorpion
   385 | D        | Reached skill level 5 in Dodging
   385 | D        | Reached skill level 5 in Spellcasting
   385 | D        | Reached skill level 5 in Transmutations
   385 | D        | Reached skill level 5 in Earth Magic
   385 | D        | Reached XP level 4. HP: 21/21 MP: 8/12
   568 | D        | Noticed a water elemental
   596 | D        | Killed a water elemental
   597 | D        | Reached XP level 5. HP: 24/24 MP: 9/14
   715 | D        | Found a radiant altar of Vehumet.
   716 | D        | Found a shimmering blue altar of Sif Muna.
   721 | D        | Found an ancient bone altar of Kikubaaqudgha.
   732 | D        | Learned a level 4 spell: Petrify
   734 | D        | Became a worshipper of Vehumet
   871 | D        | Found a hide-covered altar of Uskayaw.
   871 | D        | Found an iron altar of Okawaru.
   872 | D        | Found a bloodstained altar of Trog.
   873 | D        | Found an ornate altar of the Wu Jian Council.
   873 | D        | Noticed a human
   874 | D        | Noticed a human
   917 | D        | Killed a human
   918 | D        | Reached XP level 6. HP: 28/28 MP: 12/17
   976 | D        | Found a glowing silver altar of Zin.
   977 | D        | Found a glowing golden altar of the Shining One.
   981 | D        | Killed a human
  1053 | D        | Found a white marble altar of Elyvilon.
  1054 | D        | Noticed a deep elf pyromancer
  1058 | D        | Killed a deep elf pyromancer
  1058 | D        | Reached * piety under Vehumet
  1058 | D        | Offered knowledge of Magic Dart by Vehumet.
  1059 | D        | Reached skill level 10 in Dodging
  1059 | D        | Reached skill level 10 in Transmutations
  1059 | D        | Reached skill level 10 in Earth Magic
  1059 | D        | Reached XP level 7. HP: 32/32 MP: 16/21
  1088 | D        | Found a shadowy altar of Dithmenos.
  1093 | D        | Reached XP level 8. HP: 23/36 MP: 16/22
  1093 | D        | Found a basalt altar of Yredelemnul.
  1093 | D        | Found a sacrificial altar of Ru.
  1364 | D        | Offered knowledge of Shock by Vehumet.
  1364 | D        | Reached ** piety under Vehumet
  1365 | D        | Reached skill level 10 in Spellcasting
  1365 | D        | Reached skill level 1 in Conjurations
  1583 | D        | Found a blossoming altar of Fedhas.
  1583 | D        | Found a stormy altar of Qazlal.
  1584 | D        | Found a snail-covered altar of Cheibriados.
  1584 | D        | Found a burning altar of Makhleb.
  1584 | D        | Found a hazy altar of Hepliaklqana.
  1584 | D        | Found a shimmering altar of Xom.
  1584 | D        | Found an opulent altar of Gozag.
  1584 | D        | Found a sparkling altar of Nemelex Xobeh.
  1584 | D        | Found a corrupted altar of Lugonu.
  1584 | D        | Found a viscous altar of Jiyva.
  1853 | D        | Offered knowledge of Mephitic Cloud by Vehumet.
  1947 | D        | Reached *** piety under Vehumet
  2017 | D        | Noticed a two-headed ogre
  2061 | D        | Killed a two-headed ogre
  2214 | D        | Learned a level 3 spell: Mephitic Cloud
  2243 | D        | Noticed Erolcha
  2244 | D        | Noticed a two-headed ogre
  2248 | D        | Mangled by a two-headed ogre

Illustrated notes

Levels and vault maps discovered:
D:        dungeon_sprint_mu [sprint_mu_entry_forest, sprint_mu_temple_rooms,
          sprint_mu_d1_spiders, sprint_mu_d2_genie, sprint_mu_d3_branching,
          sprint_mu_orc_legion, sprint_mu_elf_gauntlet, sprint_mu_hive_nellie,
          sprint_mu_lair_fedhas, sprint_mu_vaults_butterflies,
          sprint_mu_slime_circle, sprint_mu_shoals_kraken,
          sprint_mu_snake_twists, sprint_mu_blade_basic,
          sprint_mu_crypt_chambers, sprint_mu_tomb_spiral,
          sprint_mu_vestibule_basic, sprint_mu_gehenna_hellfire,
          sprint_mu_dis_giant, sprint_mu_tartarus_statrot,
          sprint_mu_cocytus_islands, sprint_mu_zot1]

Skill      XL: |  1  2  3  4  5  6  7  8 |
---------------+-------------------------+-----
Dodging        | 4 5 6 8 10 11 | 11.6
Earth Magic    | 4 5 6 8 10 11 | 11.6
Spellcasting   | 4 5 6 7 9 10 | 10.8
Transmutations | 3 4 5 6 7 10 11 | 11.0
Conjurations   | 3 |  3.8
Stealth        | |  3.0

Action                   |  1- 3 |  4- 6 |  7- 9 || total
-------------------------+-------+-------+-------++-------
Melee: Club              |     1 |       |       ||     1
 Cast: Sandblast         |    16 |    21 |    32 ||    69
       Passwall          |     1 |       |       ||     1
       Stone Arrow       |       |       |     4 ||     4
Dodge: Dodged            |     4 |     4 |     5 ||    13
